 Dungeon Crawl Stone Soup version 0.31-a0-851-g7ff8af7976 (webtiles) character file.

Game seed: 6601421965026651590

3 Kurtz the Sneak (level 1, -9/18 HPs)
             Began as a Mummy Delver on Oct 6, 2023.
             Was a Believer of Uskayaw.
             Mangled by a gnoll
             ... wielding a +0 flail
              (10 damage)
             ... on level 4 of the Dungeon.
             The game lasted 00:01:08 (483 turns).

Kurtz the Sneak (Mummy Delver)                       Turns: 483, Time: 00:01:09

Health: -9/18      AC:  3    Str: 15    XL:     1   Next: 41%
Magic:  1/1        EV: 11    Int:  9    God:    Uskayaw [**....]
Gold:   11         SH:  0    Dex: 13    Spells: 0/0 levels left

rFire   x . .        a - +0 hand axe
rCold   + . .        (no shield)
rNeg    + + +        b - +0 leather armour
rPois   ∞            (no helmet)
rElec   .            (no cloak)
rCorr   .            (no gloves)
SInv    .            (no boots)
Will    .....        (no amulet)
Stlth   ++           (no ring)
HPRegen 0.23/turn    (no ring)
MPRegen 0.07/turn

%: faith
@: no status effects
A: cold resistance 1, negative energy resistance 3, torment resistance 2, heat
vulnerability 1, in touch with death 1, no potions, faith
a: Renounce Religion, Stomp, Line Pass


You were on level 4 of the Dungeon.
You worshipped Uskayaw.
Uskayaw was noncommittal.
You visited 2 branches of the dungeon, and saw 3 of its levels.

You collected 11 gold pieces.

Inventory:

Hand Weapons
 a - a +0 hand axe (weapon)
Armour
 b - a +0 leather armour (worn)
Wands
 f - a wand of digging (3)
Scrolls
 c - a scroll of fog
 d - a scroll of revelation
 e - a scroll of fear
 g - a scroll of teleportation {unknown}


   Skills:
 - Level 3.0 Fighting
 * Level 1.9 Axes
 - Level 1.5 Dodging
 - Level 4.1 Stealth


You couldn't memorise any spells.
You didn't know any spells.
Your spell library was empty.

Dungeon Overview and Level Annotations

Branches:
Dungeon (5/15)             Temple (1/1) D:4

Altars:
Gozag
Kikubaaqudgha
Uskayaw
Xom


Innate Abilities, Weirdness & Mutations

You are immune to poison.
Your flesh is cold resistant. (rC+)
You are immune to negative energy. (rN+++)
You are immune to unholy pain and torment.
You are vulnerable to heat. (rF-)
You are in touch with the powers of death.
You do not drink.
You have a special connection with the divine. (Faith)


Message History

You kill the goblin!
You can now stomp with the beat.
No target in view!
No target in view!
No target in view!
You now have 11 gold pieces (gained 4).
A gnoll is nearby!
A gnoll is nearby!
A gnoll comes into view. It is wielding a +0 halberd.
The gnoll shouts! x2; You hear a shout!
The gnoll shouts!
You hit the gnoll but do no damage. The gnoll hits you with a +0 club.
The gnoll attacks as it pursues you! The gnoll hits you with a +0 club.
The gnoll attacks as it pursues you! The gnoll hits you with a +0 club.
The gnoll attacks as it pursues you! The gnoll hits you with a +0 club.
You hit the gnoll.
The gnoll is moderately wounded.
The gnoll closely misses you.
You closely miss the gnoll.
The gnoll is moderately wounded.
The gnoll barely misses you.
You hit the gnoll.
The gnoll is almost dead.
The gnoll hits you with a +0 club.
You can now pass through a line of other dancers.
You are too injured to fight recklessly!
You closely miss the gnoll.
The gnoll is almost dead.
The gnoll hits you with a +0 club.
* * * LOW HITPOINT WARNING * * *
The gnoll barely misses you. x2; The gnoll closely misses you.
You are too injured to fight recklessly!
You are too injured to fight recklessly!
Unknown command.
You barely miss the gnoll. You closely miss the gnoll.
The gnoll hits you with a +0 club.
* * * LOW HITPOINT WARNING * * *
The gnoll hits you with a +0 flail!
Ouch! That really hurt!
You die...

#####...# #... #.......# #.##
#.###...#####.# #. ###.#
#.........# #...#
#####...###...####### #...#
#..............# #...#
#.###.#..#####.# #...#
#..g.....#### .#
#####...####.##g@......# .. #
...............g.#.)##.#....
#
...............g.#..........
#
...................#####.....
# ####.....###.......# #
#.....# #####..## # #.....#
##.# # #.....# #.# ##.....#
#.#


You could see 4 gnolls.

Vanquished Creatures
  An orc (D:4)
  A goblin (D:4)
2 creatures vanquished.

Notes
Turn   | Place    | Note
-------+----------+-------------------------------------------
     0 | D:5      | Kurtz the Mummy Delver began the quest for the Orb.
     0 | D:5      | Reached XP level 1. HP: 18/18 MP: 1/1
   327 | D:4      | Found a staircase to the Ecumenical Temple.
   337 | Temple   | Entered the Ecumenical Temple
   361 | Temple   | Became a worshipper of Uskayaw the Reveller
   454 | D:4      | Reached * piety under Uskayaw
   481 | D:4      | Reached ** piety under Uskayaw
   483 | D:4      | Mangled by a gnoll

Illustrated notes

Levels and vault maps discovered:
D:4:      layout_loops_cross, nicolae_dithmenos_the_darkroom,
          minmay_temple_entry_nine_rooms
D:5:      layout_gridville, fedhas_bush_and_centaur_altar, ebering_ghost_gozag
Temple:   hellmonk_temple_rainy

Action                     || total
---------------------------++-------
  Melee: Hand axe          ||    22
   Stab: Sleeping          ||     1
 Armour: Leather armour    ||    15
  Dodge: Dodged            ||    15

Table legend: (Time is in decaauts)
 A = Elapsed time spent in this place.
 B = Non-inter-level travel time spent in this place.
 C = Inter-level travel time spent in this place.
 D = Time resting spent in this place.
 E = Time spent auto-exploring this place.
 F = Levels seen in this place.
 G = Mean time per level.
                   A        B        C        D        E       F      G
               +--------+--------+--------+--------+--------+-----+--------+
         Total |    488 |    477 |     11 |    154 |     93 |   3 |  162.7 |
       Dungeon |    453 |    452 |      1 |    154 |     93 |   2 |  226.5 |
        Temple |     34 |     24 |     10 |      0 |      0 |   1 |   34.0 |
               +--------+--------+--------+--------+--------+-----+--------+

Top non-repeatable levels by time:
     D:4: 439 daAuts
  Temple: 34 daAuts
     D:5: 14 daAuts
